 Dungeon Crawl Stone Soup version 0.26-a0-651-gb41185065b (webtiles) character file.

Game seed: 10271522989395087057

10 Irenicus the Sneak (level 2, -1/11 HPs)
             Began as a Felid Hedge Wizard on Oct 28, 2020.
             Slain by a ball python (2 damage)
             ... on level 1 of the Dungeon.
             The game lasted 00:02:12 (220 turns).

Irenicus the Sneak (Felid Hedge Wizard)              Turns: 220, Time: 00:02:13

Health: -1/11      AC:  1    Str:  6    XL:     2   Next: 10%
Magic:  0/7        EV: 15    Int: 15    God:
Gold:   23         SH:  0    Dex: 15    Spells: 6/7 levels left
                                        Lives:  0   Deaths: 0

rFire    . . .     SeeInvis +   (weapon unavailable)
rCold    . . .     Faith    .   (shield unavailable)
rNeg     . . .     Spirit   .   (armour unavailable)
rPois    .         Reflect  .   (helmet unavailable)
rElec    .         Harm     .   (cloak unavailable)
rCorr    .         Rampage  .   (gloves unavailable)
MR       .....                  (boots unavailable)
Stlth    +++.......             (no amulet)
HPRegen  0.03/turn              (no ring)
MPRegen  0.10/turn              (no ring)

@: very slightly contaminated, constricted, quick
A: very small, no armour, no weapons or thrown items, stealth, claws 1, fangs 3,
see invisible, speed 1, shaggy fur 1, sharp paws
a: no special abilities


You were on level 1 of the Dungeon.
You visited 1 branch of the dungeon, and saw 1 of its levels.

You collected 23 gold pieces.

Inventory:

Scrolls
 a - a scroll of teleportation {unknown}
 b - a scroll of amnesia {unknown}
 c - a scroll of blinking {unknown}


   Skills:
 - Level 2.6 Dodging
 + Level 3.5 Stealth
 - Level 3.0 Spellcasting
 - Level 1.3 Conjurations
   Level 1.0 Summonings
   Level 1.5 Translocations


You had 6 spell levels left.
You knew the following spells:

 Your Spells              Type           Power        Failure   Level
a - Magic Dart            Conj           #...         12%         1

Your spell library contained the following spells:

 Spells                   Type           Power        Failure   Level
 Blink                    Tloc           N/A          16%         2
 Call Imp                 Summ           #.......     21%         2
 Slow                     Hex            #.......     30%         2
 Conjure Flame            Conj/Fire      #.......     41%         3
 Mephitic Cloud           Conj/Pois/Air  #.......     45%         3


Dungeon Overview and Level Annotations

Branches:
Dungeon (1/15)

Altars:


Innate Abilities, Weirdness & Mutations

You cannot wear armour.
You are incapable of wielding weapons or throwing items.
Your paws allow you to move quietly. (Stealth)
You have sharp claws.
You have razor-sharp teeth.
You have supernaturally acute eyesight. (SInv)
You cover ground quickly.
You are covered in fur. (AC +1)
Your sharp claws are effective at attacking unaware monsters.


Message History

Confirm with . or Enter, or press ? or * to list all spells.
Aiming: Magic Dart (safe; 12% risk of failure)
Press: ? - help, Shift-Dir - straight line, f/p - bat
Aim: a bat (severely wounded)
The magic dart hits the bat.
You kill the bat!
You now have 1/5 mp.
The ooze jiggles.
You see here 13 bolts.
A goblin comes into view. It is wielding a +0 club.
The goblin shouts!
Casting: Magic Dart (safe; 12% risk of failure)
Confirm with . or Enter, or press ? or * to list all spells.
Press: ? - help, Shift-Dir - straight line, f - goblin
Aim: a goblin, wielding a +0 club The magic dart hits the goblin.
The goblin is moderately wounded.
You now have 1/5 mp.
Casting: Magic Dart (safe; 12% risk of failure)
Confirm with . or Enter, or press ? or * to list all spells.
Aiming: Magic Dart (safe; 12% risk of failure)
Press: ? - help, Shift-Dir - straight line, f/p - goblin
Aim: a goblin, wielding a +0 club (moderately wounded)
The magic dart hits the goblin.
The goblin is severely wounded.
The goblin closely misses you. The goblin hits you with a +0 club.
* * * LOW HITPOINT WARNING * * *
The ooze jiggles.
You take 1 damage, and have 2/7 hp.
You now have 0/5 mp.
You scratch the goblin.
You kill the goblin!
The goblin barely misses you.
Things that are here:
a +0 club; a goblin corpse You see here 12 gold pieces.
You now have 23 gold pieces (gained 12).
A goblin comes into view. It is wielding a +0 club.
The goblin shouts!
You hear a shout!
A hobgoblin comes into view. It is wielding a +0 club.
Casting: Magic Dart (safe; 12% risk of failure)
Confirm with . or Enter, or press ? or * to list all spells.
Aiming: Magic Dart (safe; 12% risk of failure)
Press: ? - help, Shift-Dir - straight line, f - goblin
Aim: a goblin, wielding a +0 club The magic dart hits the goblin.
The goblin is severely wounded.
You now have 0/5 mp.
You barely miss the goblin.
The goblin is heavily wounded.
The goblin misses you.
Casting: Magic Dart (safe; 12% risk of failure)
Confirm with . or Enter, or press ? or * to list all spells.
Aiming: Magic Dart (safe; 12% risk of failure)
Press: ? - help, Shift-Dir - straight line, f/p - goblin
Aim: a goblin, wielding a +0 club (heavily wounded)
The magic dart hits the goblin.
You kill the goblin!
You have reached level 2!
You regained 2 hp, and now have 5/11 hp.
You now have 0/7 mp.
A kobold comes into view.
A goblin comes into view. It is wielding a +0 club.
The goblin shouts!
Casting: Magic Dart (safe; 12% risk of failure)
Confirm with . or Enter, or press ? or * to list all spells.
Aiming: Magic Dart (safe; 12% risk of failure)
Press: ? - help, Shift-Dir - straight line, f - goblin
Aim: a goblin, wielding a +0 club The magic dart hits the goblin.
The goblin is heavily wounded.
Casting: Magic Dart (safe; 12% risk of failure)
Confirm with . or Enter, or press ? or * to list all spells.
Aiming: Magic Dart (safe; 12% risk of failure)
Press: ? - help, Shift-Dir - straight line, f/p - goblin
Aim: a goblin, wielding a +0 club (heavily wounded)
You miscast Magic Dart.
You are very lightly contaminated with residual magic.
Nothing appears to happen.
You now have 0/7 mp.
Casting: Magic Dart (safe; 12% risk of failure)
Confirm with . or Enter, or press ? or * to list all spells.
You don't have enough magic to cast that spell.
Unknown command.
You closely miss the goblin.
The goblin is heavily wounded.
The ball python barely misses you. The ball python grabs you.
The ball python constricts you. The ball python bites you.
* * * LOW HITPOINT WARNING * * *
x2 The ball python constricts you.
The goblin completely misses you.
You take 3 damage, and have 2/11 hp.
MASSIVE DAMAGE!!
You barely miss the goblin.
The goblin is heavily wounded.
The ball python barely misses you.
* * * LOW HITPOINT WARNING * * *
The ball python constricts you. The goblin barely misses you.
You take 1 damage, and have 1/11 hp.
You scratch the goblin.
You kill the goblin!
The ball python bites you.
You die...

.###########..g....###.#.##
.gJ.S......J..S............
########.##.#.####g##...K#
# #......# #.# ...# #
######.####S##....# #
#............# #
######.##...## #
#########g# .## #
......)@S.# # ###########


You could see a goblin and a ball python.

Vanquished Creatures
  2 bats (D:1)
  3 goblins (D:1)
  A hobgoblin (D:1)
  A frilled lizard (D:1)
  A kobold (D:1)
  2 rats (D:1)
10 creatures vanquished.

Notes
Turn   | Place    | Note
-------+----------+-------------------------------------------
     0 | D:1      | Irenicus the Felid Hedge Wizard began the quest for the
                  | Orb.
     0 | D:1      | Reached XP level 1. HP: 7/7 MP: 5/5
    92 | D:1      | Reached skill level 1 in Conjurations
   126 | D:1      | Reached skill level 3 in Stealth
   195 | D:1      | Reached XP level 2. HP: 5/11 MP: 0/7
   218 | D:1      | HP: 2/11 [ball python (1)]
   220 | D:1      | Slain by a ball python

Illustrated notes

Levels and vault maps discovered:
D:1:      dpeg_arrival_concentric_ovals, layout_loops_ring,
          minmay_split_cup_large

Skill      XL: |  1 |
---------------+----+-----
Conjurations   | 1 |  1.3
Stealth        | 3 |  3.5
Dodging        | |  2.6
Spellcasting   | |  3.0
Summonings     | |  1.0
Translocations | |  1.5

Action                   || total
-------------------------++-------
Melee: Unarmed           ||    11
 Cast: Magic Dart        ||    12
 Stab: Sleeping          ||     3
Dodge: Dodged            ||    20

Table legend: (Time is in decaauts)
 A = Elapsed time spent in this place.
 B = Non-inter-level travel time spent in this place.
 C = Inter-level travel time spent in this place.
 D = Time resting spent in this place.
 E = Time spent auto-exploring this place.
 F = Levels seen in this place.
 G = Mean time per level.
                   A        B        C        D        E       F      G
               +--------+--------+--------+--------+--------+-----+--------+
         Total |    182 |    182 |      0 |      0 |      0 |   1 |  182.0 |
       Dungeon |    182 |    182 |      0 |      0 |      0 |   1 |  182.0 |
               +--------+--------+--------+--------+--------+-----+--------+

Top non-repeatable levels by time:
     D:1: 182 daAuts

Table legend:
 A = Kills in this place as a percentage of kills in entire the game.
 B = Kills by you in this place as a percentage of kills by you in the entire game.
 C = Kills by friends in this place as a percentage of kills by friends in the entire game.
 D = Other kills in this place as a percentage of other kills in the entire game.
 E = Experience gained in this place as a percentage of experience gained in the entire game.
 F = Experience gained in this place divided by the number of levels of this place that you have seen.
                   A       B       C       D       E      F
               +-------+-------+-------+-------+-------+----------------------
         Total | 100.0 | 100.0 |   N/A |   N/A | 100.0 |  15.0
       Dungeon | 100.0 | 100.0 |   N/A |   N/A | 100.0 |  15.0
               +-------+-------+-------+-------+-------+----------------------
